 Dungeon Crawl Stone Soup version 0.18-a0-921-g28655ce (webtiles) character file.

261 Ace the Magician (level 5, -7/28 HPs)
             Began as a Deep Elf Earth Elementalist on Dec 28, 2015.
             Mangled by an orc warrior
             ... wielding a +0 halberd
              (19 damage)
             ... on level 4 of the Dungeon.
             The game lasted 00:07:57 (3608 turns).

Ace the Magician (Deep Elf Earth Elementalist)      Turns: 3608, Time: 00:07:57

Health: -7/28      AC:  7    Str:  6    XL:     5   Next: 96%
Magic:  10/15      EV: 13    Int: 20    God:
Gold:   175        SH:  0    Dex: 15    Spells: 2 memorised, 11 levels left

rFire  . . .     SeeInvis .     b - 34 stones
rCold  . . .     Gourm    .     g - +0 robe
rNeg   + . .     Faith    .     (no shield)
rPois  .         Spirit   .     (no helmet)
rElec  .         Dismiss  .     y - +1 cloak
rCorr  .         Reflect  .     v - +2 pair of gloves
SustAt .         Harm     .     (no boots)
MR     .....                    (no amulet)
Stlth  ++........               (no ring)
                                u - ring of positive energy

@: not resistant to hostile enchantments, unstealthy
A: no striking features
a: no special abilities


You were on level 4 of the Dungeon.
You were not hungry.

You visited 1 branch of the dungeon, and saw 4 of its levels.

You collected 175 gold pieces.

Inventory:

Missiles
 b - 34 stones (in hand)
Armour
 g - a +0 robe (worn)
 v - a +2 pair of gloves (worn)
 y - a +1 cloak (worn)
Jewellery
 u - a ring of positive energy (left hand)
Scrolls
 a - 2 scrolls of fear {unknown}
 e - a scroll of fog {unknown}
 f - 3 scrolls of noise {unknown}
 h - a scroll of magic mapping {unknown}
 j - 3 scrolls of remove curse {unknown}
 k - a scroll of immolation {unknown}
 l - 5 scrolls of identify {unknown}
 m - 2 scrolls of enchant weapon {unknown}
 n - a scroll of blinking {unknown}
 q - 2 scrolls of teleportation {unknown}
 s - a scroll of enchant armour {unknown}
Potions
 o - 2 potions of haste {unknown}
 p - a potion of might {unknown}
 t - 2 potions of poison {unknown}
 w - 2 potions of curing {unknown}
Books
 c - a book of Geomancy

   Spells                             Type                      Level
   a - Sandblast                      Earth                        1
   b - Stoneskin                      Transmutation/Earth          2
   c - Passwall                       Transmutation/Earth          3
   d - Stone Arrow                    Conjuration/Earth            3
   e - Petrify                        Transmutation/Earth          4
   f - Lee's Rapid Deconstruction     Earth                        5
Comestibles
 d - 2 bread rations
 i - a chunk of flesh
 r - a meat ration
 x - a slice of pizza


   Skills:
 - Level 2.4 Dodging
 - Level 2.4 Stealth
 + Level 5.7 Spellcasting
 + Level 2.5 Conjurations
   Level 1.1 Transmutations
 + Level 5.3 Earth Magic


You had 11 spell levels left.
You knew the following spells:

 Your Spells              Type           Power        Failure   Level  Hunger
a - Sandblast             Erth           ####..       1%          1    None
b - Stone Arrow           Conj/Erth      ###...       10%         3    ##.....


Dungeon Overview and Level Annotations

Branches:
Dungeon (4/15)
 Temple: D:4-7

Altars:
Trog


Message History

Deactivating autopickup; reactivate with Ctrl-A.
Casting: Sandblast
Confirm with . or Enter, or press ? or * to list all spells.
Aiming: Sandblast
Press: ? - help, Shift-Dir - straight line, f/p - orc warrior
Aim: an orc warrior, wielding a halberd and wearing a plate armour The rocky blast hits the orc warrior.
The orc warrior is heavily wounded.
The orc warrior hits you from afar with a halberd!
Ouch! That really hurt!
Casting: Sandblast
Confirm with . or Enter, or press ? or * to list all spells.
Aiming: Sandblast
Press: ? - help, Shift-Dir - straight line, f/p - orc warrior
Aim: an orc warrior, wielding a halberd and wearing a plate armour (heavily wounded)
The rocky blast hits the orc warrior.
The orc warrior is heavily wounded.
The orc warrior hits you from afar with a halberd!!
Ouch! That really hurt!
You die...

#....# #....# #....#
###########....# .
.........>#....# ..
(.#.(...[.....
###.#######.#.####.####.
....#.....#.#.##.....##.
##....@..#+..#.......#.
.######............#......)#.
.............o.........._.....
.#.#[#.#.#.#.#o#...(.#.......#.
.#.#.#.#.#.#.#.#.#....#.......#.
.#.#.#.#.#.#.#)#.#.....##.....##.
#.#.#.#?#.#.#.#.#.#.#..####.####.
.#.#"#.#.#.#.#.#.#.#.#...........
#.#.#.#.#.#o#.#.#.#.#.#.#.##.####


You could see an orc warrior and an orc.

Vanquished Creatures
  2 crimson imps (D:3)
  Ijyb (D:3)
  2 worker ants (D:4)
  4 adders
  2 adder skeletons (D:4)
  2 worms
  2 orcs (D:4)
  4 ball pythons
  11 bats
  8 giant cockroaches
  10 goblins
  8 hobgoblins
  4 jackals (D:2)
  A quokka (D:2)
  2 giant newts
  6 kobolds
  7 rats
76 creatures vanquished.

Notes
Turn   | Place    | Note
--------------------------------------------------------------
     0 | D:1      | Ace the Deep Elf Earth Elementalist began the quest for the Orb.
     0 | D:1      | Reached XP level 1. HP: 10/10 MP: 6/6
   400 | D:1      | Reached XP level 2. HP: 15/15 MP: 2/8
   630 | D:1      | Reached skill level 4 in Spellcasting
  1097 | D:1      | Reached XP level 3. HP: 19/19 MP: 8/10
  1957 | D:2      | Learned a level 3 spell: Stone Arrow
  2380 | D:2      | Reached XP level 4. HP: 22/24 MP: 8/12
  2900 | D:3      | Found a bloodstained altar of Trog.
  2985 | D:3      | Reached skill level 5 in Spellcasting
  2985 | D:3      | Reached skill level 1 in Conjurations
  3085 | D:3      | Noticed Ijyb
  3095 | D:3      | Killed Ijyb
  3095 | D:3      | Reached XP level 5. HP: 28/28 MP: 11/14
  3140 | D:3      | Reached skill level 5 in Earth Magic
  3243 | D:4      | Found a bloodstained altar of Trog.
  3580 | D:4      | Noticed an orc warrior
  3608 | D:4      | Mangled by an orc warrior

Vault maps used:
D:1:      lemuel_arrival_broad_hall
D:2:      kennysheep_path_1, kennysheep_crisscross
D:3:      bloody_trog, uniq_iyjb, uniq_jessica
D:4:      old_standard_altar, minitemple

Action                   |  1- 3 |  4- 6 || total
-------------------------+-------+-------++-------
Melee: Unarmed           |       |     1 ||     1
 Cast: Sandblast         |    88 |    64 ||   152
  Eat: Chunk             |     4 |     4 ||     8
